[Event "MČR juniorů a juniorek v rapid šachu 2023"]
[Site "Czech Republic"]
[Date "2023.09.23"]
[Round "5.27"]
[White "Halama, Tomas"]
[Black "Boff, Vojtech"]
[Result "0-1"]
[TimeControl "20 min + 5 sec per move"]
[WhiteFideId "397970"]
[BlackFideId "23733969"]
[WhiteElo "1306"]
[BlackElo "1632"]

1. c4 c5 2. Nc3 Nc6 3. g3 Nf6 4. Bg2 g6 5. e3 Bg7 6. Nge2 d6 7. O-O O-O 8. b3 Bd7 9. Bb2 a6 10.
d4 cxd4 11. Nxd4 Nxd4 12. Qxd4 Bc6 13. Bxc6 bxc6 14. Ne4 c5 15. Nxf6+ Bxf6 16. Qd2 Bxb2 17. Qxb2 Qb6 18. Rfd1 Rab8 19.
e4 a5 20. e5 a4 21. exd6 exd6 22. Rab1 axb3 23. Qxb3 Qa6 24. Qc2 Ra8 25. Rb2 Rfb8 26. Rdb1 Rxb2 27. Rxb2 Qa4 28. Qxa4 Rxa4 29.
Rc2 Kg7 30. Kg2 Kf6 31. Kf3 Ke5 32. Ke3 Ra3+ 33. Kd2 Kd4 34.
Ke2 Ra4 35. Rd2+ Kxc4 36. Rxd6 Ra7 37. Rd2 Re7+ 38. Kd1 Kb4 39. Rc2 c4 40. a3+ Kb3 41. Kd2 Rd7+ 42. Kc1 c3 43. a4 Re7 44.
Kd1 Ra7 45. Rc1 Rxa4 46. Rb1+ Kc4 47. Rc1 Kd3 48. f4 Ra2 49. Ke1 Rxh2 50. Rd1+ Ke3 0-1

[Event "MČR juniorů a juniorek v rapid šachu 2023"]
[Site "Czech Republic"]
[Date "2023.09.23"]
[Round "5.28"]
[White "Mikolas, Petr"]
[Black "Bela, Lukas"]
[Result "1-0"]
[TimeControl "20 min + 5 sec per move"]
[WhiteFideId "23713224"]
[BlackFideId "23738545"]
[WhiteElo "1514"]
[BlackElo "1297"]

1. e4 d6 2. d4 f5 3. Nc3 Nf6 4. Bd3 g6 5. Bg5 e5 6. Nd5 Bg7 7. exf5 h6 8. Bxf6 Bxf6 9. fxg6 h5 10.
Qf3 Nd7 11. g7 Rh6 12. g8=Q+ Nf8 13. Nxf6+ Rxf6 14. Qxh5+ Ke7 15. Qg7+ Ke6 16. Bc4+ 1-0

[Event "MČR juniorů a juniorek v rapid šachu 2023"]
[Site "Czech Republic"]
[Date "2023.09.23"]
[Round "5.29"]
[White "Macova, Marketa"]
[Black "Hruby, Filip"]
[Result "0-1"]
[TimeControl "20 min + 5 sec per move"]
[WhiteFideId "23715588"]
[BlackFideId "23721480"]
[WhiteElo "1228"]
[BlackElo "1460"]

1. e4 c6 2. d4 d5 3. exd5 cxd5 4. Nc3 Nf6 5. Nf3 Nc6 6. Bg5 Bg4 7. Be2 e6 8.
O-O h6 9. Bh4 Bxf3 10. Bxf3 Qb6 11. Ne2 Qxb2 12. Rb1 Qxa2 13. Rxb7 Qa6 14. Rb1 Be7 15. Re1 O-O 16. Bg3 Rac8 17.
Nc3 Bb4 18. Re3 Qa5 19. Ra1 Qb6 20. Na4 Qxd4 21. Rd3 Qc4 22. Be2 Qe4 23. Bf3 Qg6 24. c3 Be7 25. Rd2 Nd7 26. Be2 Nc5 27.
Nxc5 Bxc5 28. Bb5 Qf6 29. Qb3 Rfd8 30. Rc2 Rb8 31. Qa4 Ne7 32. Rcc1 Nf5 33. Bxb8 Rxb8 34. Bd3 Nh4 35. Qc2 Bb6 36.
Rab1 Rc8 37. Qb2 Qg5 38. g3 Nf3+ 39. Kg2 Nh4+ 40. Kg1 Ng6 41. Qc2 Nf4 42. Be2 Ng6 43. Bd3 Ne7 44. Bh7+ Kh8 45. Bd3 Nc6 46. Bb5 Nd4 47.
Qd3 Nf5 48. Qe2 Nd6 49. Bd7 Rc7 50. Ba4 Ne4 51. Rb3 Nxf2 52.
Kg2 Qxc1 53. Kf3 Qh1+ 54. Kf4 Qe4+ 55. Qxe4 Nxe4 56. Kf3 Rxc3+ 57. Rxc3 Nxc3 58. Be8 Kg8 0-1

[Event "MČR juniorů a juniorek v rapid šachu 2023"]
[Site "Czech Republic"]
[Date "2023.09.23"]
[Round "5.31"]
[White "Zadrapova, Gabriela"]
[Black "Nikolinko, Tomas"]
[Result "0-1"]
[TimeControl "20 min + 5 sec per move"]
[WhiteFideId "23753056"]
[BlackFideId "389749"]
[WhiteElo "1206"]
[BlackElo "1327"]

1. e4 c5 2. Nf3 Nc6 3. Bc4 Nf6 4. Nc3 a6 5. a4 d6 6. Ng5 e6 7. O-O h6 8. Nf3 Be7 9. Re1 O-O 10.
d4 d5 11. exd5 exd5 12. Ba2 cxd4 13. Nxd4 Nxd4 14. Qxd4 Be6 15. Re3 Rc8 16. Qd1 d4 17. Rd3 Bc5 18. Ne2 Bxa2 19. Rxa2 Re8 20.
Rg3 g5 21. h4 Ne4 22. Rg4 f5 23. Rxg5+ hxg5 24. Bxg5 Nxg5 25. hxg5 Qxg5 26. Nxd4 Bxd4 27. Qxd4 Qc1+ 28. Kh2 Qh6+ 29.
Kg1 Re1# 0-1

[Event "MČR juniorů a juniorek v rapid šachu 2023"]
[Site "Czech Republic"]
[Date "2023.09.23"]
[Round "5.34"]
[White "Martinkovicova, Nela"]
[Black "Hosova, Stella"]
[Result "1-0"]
[TimeControl "20 min + 5 sec per move"]
[WhiteFideId "23715596"]
[BlackFideId "23710489"]
[WhiteElo "1049"]
[BlackElo "1164"]

1. e4 c5 2. Nc3 Nc6 3. Bc4 Nf6 4. d3 g6 5. Bg5 Bg7 6. Nf3 d6 7. Qd2 a6 8. a3 b5 9. Ba2 O-O 10.
Bh6 e5 11. Bxg7 Kxg7 12. Ng5 Ng4 13. f3 Nh6 14. f4 Qe7 15. Nd5 Qd8 16. O-O f6 17. Nh3 Bxh3 18. gxh3 Nd4 19. c3 Ne6 20.
f5 Ng5 21. fxg6 f5 22. gxh7 Kxh7 23. exf5 Nxh3+ 24. Kh1 Qh4 25. Rf3 Rg8 26. Nf6+ Kh8 27. Nxg8 Nxg8 28. Qe3 Ng5 29. Rg3 Nh7 30.
Rxg8+ Rxg8 31. Bxg8 Kxg8 32. Rg1+ Kh8 33. Qg3 Qg5 34. Qxg5 Nxg5 35. Rxg5 Kh7 36. f6 Kh6 37. Rg3 Kh5 38. f7 1-0

[Event "MČR juniorů a juniorek v rapid šachu 2023"]
[Site "Czech Republic"]
[Date "2023.09.23"]
[Round "6.1"]
[White "Hlavina, Matous"]
[Black "Ocelak, Jakub"]
[Result "1/2-1/2"]
[TimeControl "20 min + 5 sec per move"]
[WhiteFideId "386650"]
[BlackFideId "23707933"]
[WhiteElo "2005"]
[BlackElo "2025"]

1. e4 e5 2. Nf3 Nc6 3. Bb5 a6 4. Bxc6 dxc6 5. O-O Bg4 6. h3 h5 7. c3 Qd3 8. hxg4 hxg4 9. Nxe5 Bd6 10. Nxd3 Bh2+ 11. Kh1 Bg3+ 12. Kg1 Bh2+ 13. Kh1 Bg3+ 1/2-1/2

[Event "MČR juniorů a juniorek v rapid šachu 2023"]
[Site "Czech Republic"]
[Date "2023.09.23"]
[Round "6.2"]
[White "Bezdek, Tomas"]
[Black "Cibulka, Josef"]
[Result "1-0"]
[TimeControl "20 min + 5 sec per move"]
[WhiteFideId "23733551"]
[BlackFideId "23708042"]
[WhiteElo "1933"]
[BlackElo "1922"]

1. e4 c5 2. Nf3 Nc6 3. Bb5 e6 4. O-O Nge7 5. c3 a6 6. Bd3 g6 7. Bc2 Bg7 8. d4 cxd4 9. cxd4 d5 10. e5 O-O 11. Nc3 b5 12. a3 b4 13. Na4 a5 14. Bd2 Ba6 15. Re1 Nf5 16. Bxf5 gxf5 17.
Qc1 Rc8 18. Nc5 Nb8 19. Bg5 Qb6 20. Bf6 h6 21. Qf4 Kh7 22. Qh4 Bb5 23. Bxg7 Kxg7 24. Qf6+ Kh7 25. Re3 Rg8 26. Qxf7+ Rg7 27. Qxe6 Qxe6 28. Nxe6 Re7 29. Nc5 Nd7 30. axb4 axb4 31.
Ra7 Rg7 32. Nxd7 Bxd7 33. e6 Rc1+ 34. Re1 Rxe1+ 35. Nxe1 Bxe6 36. Rxg7+ Kxg7 37. Nd3 Kf6 38. Nxb4 Ke7 39. Kf1 Kd6 40. Ke1 Kc7 41. Kd2 Kb6 42. Nd3 Kb5 43. b3 Bf7 44. Ke3 Bh5 45.
f3 Bg6 46. Kf4 Bh7 47. Ke5 f4 48. Nxf4 Kb4 49. Nxd5+ Kxb3 50. Nf6 Bg6 51. d5 1-0

[Event "MČR juniorů a juniorek v rapid šachu 2023"]
[Site "Czech Republic"]
[Date "2023.09.23"]
[Round "6.3"]
[White "Sulc, Jakub"]
[Black "Hurtik, Matej"]
[Result "0-1"]
[TimeControl "20 min + 5 sec per move"]
[WhiteFideId "394050"]
[BlackFideId "397997"]
[WhiteElo "1920"]
[BlackElo "1930"]

1. c4 e5 2. Nc3 Nf6 3. g3 d5 4. cxd5 Nxd5 5. Bg2 Nb6 6. Nf3 Nc6 7.
O-O Be7 8. a3 O-O 9. b4 Re8 10. d3 a5 11. b5 Nd4 12. e3 Nxf3+ 13. Bxf3 Ra7 14. Qc2 a4 15. Rd1 Be6 16. Qe2 Bb3 17.
Rd2 f5 18. Bg2 Bd6 19. e4 f4 20. d4 exd4 21. Rxd4 Qf6 22. e5 Rxe5 23. Ne4 Rxe4 24. Qxe4 fxg3 25. Qe8+ Bf8 26. Rf4 gxh2+ 27. Kh1 Qd6 28. Be3 Ra8 29.
Rxf8+ Qxf8 30. Qxf8+ Rxf8 31. Bxb7 Rf5 32. Rc1 Nc4 33. Be4 Re5 34. Bg2 Nxe3 35. fxe3 Rxb5 36. Rxc7 Re5 37. Rc3 Kf7 38. Kxh2 h5 39. Kg3 g5 40. Bf3 g4 41. Bc6 Kf6 42.
Kh4 Re7 43. e4 Ke5 44. Ba8 Kf4 45. Rc5 Re5 46. Rc8 Bc2 47. Rf8+ Ke3 48. Rd8 Bxe4 49. Bxe4 Kxe4 50. Rb8 Kf3 51. Rb4 Re4 52. Rb5 g3+ 53. Kh3 g2 54. Rb1 Rg4 0-1

[Event "MČR juniorů a juniorek v rapid šachu 2023"]
[Site "Czech Republic"]
[Date "2023.09.23"]
[Round "6.4"]
[White "Pressler, Tobias"]
[Black "Dobsa, Emma"]
[Result "1-0"]
[TimeControl "20 min + 5 sec per move"]
[WhiteFideId "23715359"]
[BlackFideId "23709391"]
[WhiteElo "1859"]
[BlackElo "1480"]

1. e4 e5 2. Nf3 Nc6 3. d4 exd4 4. Nxd4 Nf6 5. Nxc6 bxc6 6. Bd3 d5 7. e5 Nd7 8.
Qe2 Nc5 9. O-O Be7 10. f4 O-O 11. b3 f6 12. Bb2 fxe5 13. Bxe5 Bf6 14. Nd2 Bd7 15. Rae1 Re8 16. Qh5 Nxd3 17.
cxd3 Re6 18. d4 Be8 19. Qg4 Bd7 20.
Qh5 Re8 21. Nf3 Rf8 22. Bxf6 Qxf6 23. Ne5 Bf5 24. g4 Be4 25. Re3 Qd6 26. f5 c5 27. Rh3 h6 28. g5 Bxf5 29. gxh6 gxh6 30.
Rxf5 cxd4 31. Rf7 Qe6 32. Rg3+ 1-0

[Event "MČR juniorů a juniorek v rapid šachu 2023"]
[Site "Czech Republic"]
[Date "2023.09.23"]
[Round "6.5"]
[White "Steinbauer, Sebastian"]
[Black "Nagy, Ladislav"]
[Result "1-0"]
[TimeControl "20 min + 5 sec per move"]
[WhiteFideId "399272"]
[BlackFideId "374300"]
[WhiteElo "1880"]
[BlackElo "2089"]

1. e4 c5 2. Nf3 e6 3. d4 cxd4 4. Nxd4 a6 5. Nc3 Qc7 6. Bd3 b5 7. a3 Bb7 8. O-O Nf6 9. Bg5 Be7 10. Re1 Bd6 11. Nf3 h6 12.
Bxf6 gxf6 13. Bxb5 Nc6 14. Bxc6 Bxc6 15. Qd4 Be5 16. Nxe5 fxe5 17. Qe3 Rg8 18. Qxh6 O-O-O 19. Qe3 f5 20. f3 Rg7 21. a4 Rdg8 22. Re2 fxe4 23. Nxe4 d5 24. Ng3 Rg5 25. b4 d4 26.
Qd3 Qb7 27. Ne4 Bxe4 28. Qxe4 Qxb4 29. Qa8+ Kd7 30. Qxa6 Ke7 31. Qd3 Qb2 32. Rae1 Rc8 33. Qh7+ Kd6 34. f4 Rf5 35. fxe5+ Kc6 36. Qe7 Qa2 37.
c3 Qd5 38. cxd4 Qxd4+ 39. Kh1 Kb6 1-0

[Event "MČR juniorů a juniorek v rapid šachu 2023"]
[Site "Czech Republic"]
[Date "2023.09.23"]
[Round "6.6"]
[White "Prazak, Daniel"]
[Black "Simunek, Jakub Simon"]
[Result "1-0"]
[TimeControl "20 min + 5 sec per move"]
[WhiteFideId "23709456"]
[BlackFideId "23709464"]
[WhiteElo "2029"]
[BlackElo "1843"]

1. d4 d5 2. Nf3 Nf6 3. Bf4 c5 4.
e3 Nc6 5. Nbd2 Qb6 6. dxc5 Qxb2 7.
Rb1 Qc3 8. Bb5 g6 9. Ne5 Qxc5 10. c4 Bf5 11. O-O Bxb1 12. Qxb1 Bg7 13. cxd5 Nxd5 14. Ne4 Qb6 15. Qb3 Rd8 16. Nc4 Nxf4 17. Nxb6 axb6 18. exf4 O-O 19. Bxc6 bxc6 20. Qxb6 1-0

[Event "MČR juniorů a juniorek v rapid šachu 2023"]
[Site "Czech Republic"]
[Date "2023.09.23"]
[Round "6.7"]
[White "Martinkovic, Adam"]
[Black "Stejskal, Michal"]
[Result "0-1"]
[TimeControl "20 min + 5 sec per move"]
[WhiteFideId "23728019"]
[BlackFideId "398195"]
[WhiteElo "1807"]
[BlackElo "1959"]

1. c4 e5 2. Nc3 Nc6 3.
g3 f5 4. Bg2 Nf6 5. e3 d5 6. Nxd5 Nxd5 7. cxd5 Nb4 8. d4 e4 9. Ne2 Nd3+ 10. Kf1 Qxd5 11.
Nf4 Nxf4 12. exf4 Bd7 13. Be3 Bb5+ 14. Kg1 Bd6 15. Bf1 O-O-O 16. Kg2 Bxf1+ 17. Rxf1 h6 18. h4 Rdg8 19. Qa4 a6 20.
Rac1 g5 21. fxg5 hxg5 22. hxg5 f4 23. gxf4 Qf5 24. f3 Qh3+ 25. Kf2 Qxf3+ 26. Ke1 Qxe3+ 27. Kd1 Bxf4 28. Qc2 Qxc1+ 29. Qxc1 Bxc1 30.
Kxc1 Rxg5 0-1

[Event "MČR juniorů a juniorek v rapid šachu 2023"]
[Site "Czech Republic"]
[Date "2023.09.23"]
[Round "6.8"]
[White "Garabik, Marek"]
[Black "Dolensky, Filip"]
[Result "0-1"]
[TimeControl "20 min + 5 sec per move"]
[WhiteFideId "23717742"]
[BlackFideId "399000"]
[WhiteElo "1787"]
[BlackElo "1942"]

1. e4 c5 2. Nc3 e6 3.
f4 a6 4.
Nf3 b5 5. d3 Bb7 6. g3 d6 7. Bg2 Nf6 8. O-O Be7 9. h3 Nbd7 10. Be3 Nb6 11. Bf2 Qc7 12. Ne2 d5 13. e5 Nfd7 14. d4 O-O-O 15. c3 Kb8 16.
Rc1 Rc8 17. Qd2 Ka8 18. Kh2 h6 19. Be3 Nc4 20. Qd3 Nxb2 21. Qb1 Nc4 22. Bf2 Ndb6 23. Rfd1 Na3 24. Qd3 Nac4 25. Qb1 g6 26.
Nd2 Na3 27. Qd3 Na4 28. Qe3 Nb2 29. Rg1 c4 30. Nb1 Qa5 31. Nxa3 Qxa3 32. Rb1 Nd3 33. Rgd1 Rc7 34. Nc1 Nxf2 35. Qxf2 Qxc3 36. Ne2 Qa5 37.
g4 h5 38. g5 Rhc8 39. a4 b4 40. Rdc1 c3 41. Rc2 Bc6 42. Nc1 Qb6 43. Rxc3 Bxa4 44. Rxc7 Rxc7 45. Nd3 Rc2 46. Qe3 a5 47.
Kg3 Rc3 48. Bf1 Bb5 49. Kh4 a4 50. Qd2 Bxd3 51. Bxd3 Qxd4 52. Rd1 Rxd3 53. Qxd3 Qxf4# 0-1

[Event "MČR juniorů a juniorek v rapid šachu 2023"]
[Site "Czech Republic"]
[Date "2023.09.23"]
[Round "6.9"]
[White "Slaby, Matej"]
[Black "Svacina, Tobias"]
[Result "1-0"]
[TimeControl "20 min + 5 sec per move"]
[WhiteFideId "23734876"]
[BlackFideId "385859"]
[WhiteElo "1922"]
[BlackElo "1782"]

1. e4 e5 2. Bc4 Nf6 3. d3 c6 4. Nf3 Qc7 5. O-O d5 6. Bb3 Bd6 7. Nc3 dxe4 8. dxe4 O-O 9. Bg5 Nbd7 10.
Qe2 h6 11. Bd2 Nc5 12. h3 Be6 13. Nh4 Rfe8 14. Bxe6 Nxe6 15. Nf5 Bf8 16. Be3 Rad8 17. Rfd1 Kh7 18. Qf3 Ng8 19. a4 g6 20.
Ng3 Bg7 21. h4 Nd4 22. Bxd4 exd4 23. Nce2 h5 24. Rd2 c5 25. Rad1 Bh6 26. Rd3 Rd6 27. Nc3 Rf6 28. Nd5 Rxf3 29. Nxc7 Rxd3 30. Rxd3 Rc8 31. Nd5 Bg7 32.
Rd1 Nf6 33. Nf4 Ng4 34. Nh3 Ne5 35. c3 Nc4 36. cxd4 Nxb2 37. Ng5+ Kg8 38. Rd2 Bxd4 39. Ne2 Bf6 40. Nf3 Nc4 41. Rd7 Nb6 42. Rxb7 Nxa4 43. Rxa7 Nb2 44. e5 Bg7 45. Ra2 Nd3 46. e6 fxe6 47. Ng5 c4 48. Nxe6 c3 49. Nxg7 c2 50. Ne6 c1=Q+ 51. Nxc1 Rxc1+ 52. Kh2 Rc6 53. Ng5 Rf6 54. Nf3 Kg7 55. Rd2 Nc5 56.
Ng5 Rf4 57. g3 Rf5 58. Rc2 Kf6 59. Rxc5 1-0

[Event "MČR juniorů a juniorek v rapid šachu 2023"]
[Site "Czech Republic"]
[Date "2023.09.23"]
[Round "6.10"]
[White "Jun, Rudolf"]
[Black "Mrazek, Adam"]
[Result "1-0"]
[TimeControl "20 min + 5 sec per move"]
[WhiteFideId "376612"]
[BlackFideId "23725010"]
[WhiteElo "2151"]
[BlackElo "1753"]

1. e4 d6 2. d4 g6 3. f4 Bg7 4. Nf3 Nf6 5.
Nc3 c5 6. dxc5 Qa5 7. Bb5+ Bd7 8.
Bxd7+ Nbxd7 9. Bd2 Qxc5 10. Qe2 O-O 11. a3 a6 12. Be3 Qc7 13. Bd4 b5 14. O-O Rfc8 15. Rad1 Nb6 16. e5 dxe5 17.
fxe5 Ng4 18. h3 Nh6 19. e6 f5 20. Bxg7 Kxg7 21. Qe3 Ng8 22. Ne5 Nf6 23. Nd7 Nc4 24. Qd4 Rd8 25. Nd5 Qa7 26.
N5xf6 Qxd4+ 27. Rxd4 exf6 28. Re1 Ne5 29. e7 Rxd7 30. Rxd7 Nxd7 31. e8=Q 1-0

[Event "MČR juniorů a juniorek v rapid šachu 2023"]
[Site "Czech Republic"]
[Date "2023.09.23"]
[Round "6.11"]
[White "Stastna, Martina"]
[Black "Vilimek, Vit"]
[Result "0-1"]
[TimeControl "20 min + 5 sec per move"]
[WhiteFideId "385123"]
[BlackFideId "23718218"]
[WhiteElo "1725"]
[BlackElo "1898"]

1. e4 c5 2. Nf3 Nc6 3. Bb5 g6 4. Bxc6 dxc6 5. h3 Bg7 6. O-O e5 7. d3 Qe7 8.
Be3 Nf6 9. Qd2 Nd7 10. Nc3 Nf8 11. Bh6 f6 12. Bxg7 Qxg7 13. Nh2 Ne6 14. Ne2 g5 15. Ng3 Nf4 16. Nf5 Bxf5 17. exf5 Qd7 18.
Qe3 b6 19. Qe4 O-O-O 20. Ng4 Qd6 21. Ne3 Qc7 22. Qc4 Kb7 23. a4 Rd4 24. Qb3 h5 25. a5 b5 26. a6+ Kb8 27. Qa3 Qd6 28.
Qb3 Qc7 29. Kh1 h4 30. Qa3 Qd6 31. Qb3 Qc7 32. Qa3 Qe7 33. Ng4 Nh5 34. Rfd1 Qd6 35.
Qb3 Rf8 36. c3 Rf4 37. Ne3 Rxf2 38. Kg1 Re2 39. Ng4 Nf4 40. Nf2 Kc7 41. Qa3 Qd5 42. Ne4 Rxe4 43. dxe4 Qxe4 44. Rd2 Qe3+ 45. Rf2 Nd3 46. Raf1 Rd8 47. Qa5+ Kc8 48. Qa2 Nxf2 49. Qe6+ Kc7 50. Qf7+ Rd7 51.
Qe8 Ne4+ 52. Kh1 Ng3+ 0-1

[Event "MČR juniorů a juniorek v rapid šachu 2023"]
[Site "Czech Republic"]
[Date "2023.09.23"]
[Round "6.12"]
[White "Rucabado, Stefan"]
[Black "Zadrapa, Jakub"]
[Result "0-1"]
[TimeControl "20 min + 5 sec per move"]
[WhiteFideId "23730315"]
[BlackFideId "23714778"]
[WhiteElo "1782"]
[BlackElo "1696"]

1. e4 e5 2. Nf3 Nc6 3. Bc4 Nf6 4. d3 Bc5 5. c3 a6 6. Bb3 h6 7. O-O d6 8.
Re1 O-O 9. Nbd2 Kh8 10. Nf1 Bd7 11. Ng3 Nh7 12. Be3 Bxe3 13. Rxe3 f5 14. exf5 Bxf5 15. Nxf5 Rxf5 16. d4 Ng5 17. dxe5 Nxf3+ 18. Rxf3 Rxe5 19. Qd3 Qe8 20. g3 Re1+ 21.
Rxe1 Qxe1+ 22. Qf1 Qd2 23.
Qb1 Ne5 24. Re3 Rf8 25. Qf1 Nf3+ 26. Kg2 Nxh2 0-1

[Event "MČR juniorů a juniorek v rapid šachu 2023"]
[Site "Czech Republic"]
[Date "2023.09.23"]
[Round "6.13"]
[White "Hosova, Sandra"]
[Black "Rybackova, Lucie"]
[Result "0-1"]
[TimeControl "20 min + 5 sec per move"]
[WhiteFideId "397717"]
[BlackFideId "23739207"]
[WhiteElo "1682"]
[BlackElo "1768"]

1. d4 d5 2. Bf4 Nf6 3. e3 c5 4. Nf3 Nc6 5. c3 Qb6 6. Qb3 c4 7. Qxb6 axb6 8. Nbd2 b5 9. b3 b4 10.
bxc4 bxc3 11. Nb3 Nb4 12. Kd1 Ne4 13. Bg3 Rxa2 14. Rxa2 Nxa2 15. Ne1 Bd7 16. f3 Ba4 17. fxe4 Bxb3+ 18. Ke2 dxc4 19. Kf3 b5 20. Be2 e6 21. e5 Ba3 22. e4 O-O 23. Kf2 c2 24. Nxc2 Bxc2 25. Kf3 Rd8 26. Bf2 Nc3 27.
Ra1 Nxe2 28. Rxa3 b4 29. Ra7 b3 30. Rb7 Nc3 31. Be1 Na4 32. Ke3 b2 33. Rxb2 Nxb2 0-1

[Event "MČR juniorů a juniorek v rapid šachu 2023"]
[Site "Czech Republic"]
[Date "2023.09.23"]
[Round "6.14"]
[White "Rybacek, Martin"]
[Black "Pejrimovsky, Tadeas Rubel"]
[Result "1-0"]
[TimeControl "20 min + 5 sec per move"]
[WhiteFideId "23739266"]
[BlackFideId "23709537"]
[WhiteElo "1755"]
[BlackElo "1679"]

1. d4 Nf6 2. Nf3 g6 3. g3 Bg7 4. Bg2 d6 5. O-O O-O 6. c4 Nbd7 7. Nc3 e5 8. e4 a5 9. h3 c6 10.
Be3 Qc7 11. Qc2 Nh5 12. Rfd1 Nb6 13. b3 f5 14. dxe5 dxe5 15. Bc5 Re8 16. Rd2 Nd7 17. Bd6 Qb6 18. Na4 Qa7 19. Rad1 Nxg3 20.
exf5 Nxf5 21. c5 Nxd6 22. Rxd6 Nf6 23. Nb6 Bf5 24. Qc4+ Nd5 25. Nxd5 cxd5 26. Qxd5+ Kh8 27. Ng5 h6 28. Nf7+ Kh7 29. Be4 Bxe4 30. Qxe4 Qxc5 31. Qxg6+ Kg8 32.
Nxh6+ Kh8 33. Rd7 Re7 34. Rd8+ Re8 35. Qxe8+ Kh7 36. Rxa8 Kxh6 37. Qe6+ Kh7 38. Qf5+ Kh6 39. h4 Qb4 40. Qg5+ Kh7 41. Qh5+ Bh6 42. Rd7+ 1-0

[Event "MČR juniorů a juniorek v rapid šachu 2023"]
[Site "Czech Republic"]
[Date "2023.09.23"]
[Round "6.15"]
[White "Tegda, Vojtech"]
[Black "Mrkvan, Frantisek"]
[Result "1/2-1/2"]
[TimeControl "20 min + 5 sec per move"]
[WhiteFideId "23723424"]
[BlackFideId "23721626"]
[WhiteElo "1959"]
[BlackElo "1601"]

1. e4 c5 2. c4 Nc6 3. Ne2 e5 4. Nbc3 d6 5. d3 Nf6 6. g3 Bg4 7. Bg2 Qd7 8. h3 Be6 9. Bd2 Be7 10.
g4 O-O 11. Ng3 Nd4 12. O-O Ne8 13. f4 exf4 14. Bxf4 Bf6 15. Nf5 Bxf5 16. gxf5 Be5 17. Nd5 f6 18. Qg4 Bxf4 19. Rxf4 Nc7 20.
Nc3 Rab8 21. a3 b5 22. cxb5 Ncxb5 23. Rf2 Nc6 24. Nd5 Ne5 25. Qg3 Nd4 26. Rc1 Rb3 27. Rc3 Qb7 28. Rxb3 Qxb3 29.
Rd2 Kh8 30. h4 c4 31. Qf2 Nec6 32. dxc4 Qxc4 33. Bf1 Qb3 34. Rxd4 Nxd4 35. Qxd4 Qg3+ 36. Bg2 Qe1+ 1/2-1/2

[Event "MČR juniorů a juniorek v rapid šachu 2023"]
[Site "Czech Republic"]
[Date "2023.09.23"]
[Round "6.16"]
[White "Novotny, Dominik"]
[Black "Merinsky, Vaclav"]
[Result "1-0"]
[TimeControl "20 min + 5 sec per move"]
[WhiteFideId "23755601"]
[BlackFideId "390062"]
[WhiteElo "1707"]
[BlackElo "1869"]

1. e4 e5 2. Nc3 Nf6 3.
f4 d6 4.
Nf3 Nc6 5. Bb5 exf4 6. d4 Bd7 7. Bxf4 a6 8. Bc4 b5 9. Bb3 b4 10. Nd5 Nxe4 11. Qe2 Bf5 12. Ng5 Nxd4 13. Qe3 Nxb3 14.
Nxe4 Nxa1 15. Nef6# 1-0

[Event "MČR juniorů a juniorek v rapid šachu 2023"]
[Site "Czech Republic"]
[Date "2023.09.23"]
[Round "6.17"]
[White "Zadrapova, Amalie"]
[Black "Pavlis, Matej"]
[Result "1-0"]
[TimeControl "20 min + 5 sec per move"]
[WhiteFideId "23710276"]
[BlackFideId "23735767"]
[WhiteElo "1590"]
[BlackElo "1771"]

1. e4 c6 2. d4 d5 3. exd5 cxd5 4. c4 Nf6 5. Nc3 Nc6 6. cxd5 Nxd5 7. h3 g6 8. Nf3 Bg7 9. Bb5 O-O 10. O-O Be6 11. Na4 Nc7 12.
Bxc6 bxc6 13. Ne5 Bd5 14. Be3 Ne6 15. Rc1 Rc8 16. b3 Qd6 17. f4 f5 18. Nc5 Nxc5 19. Rxc5 Rfd8 20. Qd2 e6 21.
Rfc1 Bf8 22. Ra5 Qb8 23. Ra4 c5 24. Qb2 cxd4 25. Bxd4 Rxc1+ 26. Qxc1 Rc8 27. Qd2 Qc7 28. Rxa7 Qc1+ 29. Qxc1 Rxc1+ 30. Kf2 Rc2+ 31. Ke3 Rxg2 32. Nd7 Rg3+ 33. Kf2 Rf3+ 34. Ke2 Bg7 35. Bxg7 Kxg7 36. Nb6+ Kh6 37. Nxd5 exd5 38. Kxf3 1-0

[Event "MČR juniorů a juniorek v rapid šachu 2023"]
[Site "Czech Republic"]
[Date "2023.09.23"]
[Round "6.18"]
[White "Nagyova, Daniela"]
[Black "Janouskova, Adela"]
[Result "1/2-1/2"]
[TimeControl "20 min + 5 sec per move"]
[WhiteFideId "390070"]
[BlackFideId "23709804"]
[WhiteElo "1762"]
[BlackElo "1442"]

1. e4 c5 2. Nf3 Nc6 3. Nc3 d6 4. d4 cxd4 5. Nxd4 Nf6 6. f4 g6 7. h3 Bg7 8. Be3 O-O 9. Qd2 a6 10.
g4 Bd7 11. Be2 Nxd4 12. Bxd4 Bc6 13. g5 Nxe4 14. Nxe4 Bxe4 15. Bxg7 Bxh1 16. Bxf8 Qxf8 17. O-O-O Be4 18. Qe3 d5 19.
h4 e6 20. h5 Rc8 21. Bd3 Bxd3 22. Qxd3 Qb4 23. Rf1 Qc4 24. Qxc4 Rxc4 25. h6 Kf8 26. Rf3 Ke7 27. Kd2 Kd6 28.
Rb3 Kc6 29. Rf3 Re4 30. Rc3+ Kd7 31. Rb3 Kc7 32. Rc3+ Kb8 33. Rf3 b5 34. Ra3 Kb7 35. Rf3 Kb6 36. a3 Kc5 37. b4+ Kd6 38.
Kd3 Re1 39. Kd2 Re4 40. Kd3 Rc4 41. Kd2 Re4 42. Kd3 Re1 43. Kd2 Rh1 44. Rc3 Rh2+ 45. Ke1 Kd7 46. Rf3 Rh1+ 47. Kd2 Rh2+ 1/2-1/2

[Event "MČR juniorů a juniorek v rapid šachu 2023"]
[Site "Czech Republic"]
[Date "2023.09.23"]
[Round "6.19"]
[White "Stary, Simon"]
[Black "Husa, Daniel"]
[Result "0-1"]
[TimeControl "20 min + 5 sec per move"]
[WhiteFideId "23734353"]
[BlackFideId "393487"]
[WhiteElo "1518"]
[BlackElo "1760"]

1. e4 c5 2. Nf3 e6 3. d4 cxd4 4. Nxd4 Nf6 5. Nc3 Nc6 6. Bg5 Bb4 7. f4 Qa5 8. Qd3 Nxe4 9. Nxc6 bxc6 10. Qxe4 Bxc3+ 11. bxc3 Qxc3+ 12. Kf2 Qxa1 13. Qb4 f6 14. Be2 Qxh1 15. Bh5+ Kd8 16. Qa5+ Ke7 17. Qc5+ d6 18. Qxc6 Bd7 19. Qc3 Qxh2 20.
Bf3 Rac8 21. Qd3 fxg5 0-1

[Event "MČR juniorů a juniorek v rapid šachu 2023"]
[Site "Czech Republic"]
[Date "2023.09.23"]
[Round "6.20"]
[White "Strnadova, Monika"]
[Black "Pejrimovska, Viola Ruby"]
[Result "1-0"]
[TimeControl "20 min + 5 sec per move"]
[WhiteFideId "23701668"]
[BlackFideId "23709529"]
[WhiteElo "1728"]
[BlackElo "1581"]

1. d4 Nf6 2. Bf4 g6 3. Nc3 d5 4. Qd2 Bg7 5. O-O-O O-O 6. f3 c6 7. Bh6 Ne8 8. Bxg7 Kxg7 9.
g4 Nd6 10. e3 b5 11. h4 h6 12. h5 g5 13. Be2 a5 14. f4 b4 15. Na4 Ne4 16. Qe1 Na6 17. fxg5 hxg5 18. Bf3 Kh6 19.
Bxe4 dxe4 20. Qe2 Rb8 21. Qc4 Qd5 22. Qxd5 cxd5 23. Nc5 Rb6 24. Na4 Rc6 25. Nh3 Bxg4 26. Rdg1 f5 27. Nf2 Bf3 28.
Rh2 g4 29. Kd2 Rfc8 30. c3 Rg8 31. Rg3 Re8 32. Rg1 e5 33. dxe5 Rxe5 34. Ke1 Re7 35. Kd2 Rb7 36. Nd1 Bxd1 37.
Rxd1 Nc5 38. Nxc5 Rxc5 39. cxb4 Rxb4 40. b3 a4 41. Rb1 d4 42. exd4 Rxd4+ 43. Ke1 axb3 44. axb3 f4 45. Ra1 Rxh5 46.
Ra6+ Kg5 47. Ra5+ Kg6 48. Rhxh5 g3 49. Rhg5+ Kh6 50. Rgd5 Rxd5 51. Rxd5 f3 52. Re5 1-0

[Event "MČR juniorů a juniorek v rapid šachu 2023"]
[Site "Czech Republic"]
[Date "2023.09.23"]
[Round "6.21"]
[White "Boff, Vojtech"]
[Black "Housa, Jan"]
[Result "1-0"]
[TimeControl "20 min + 5 sec per move"]
[WhiteFideId "23733969"]
[BlackFideId "23736356"]
[WhiteElo "1632"]
[BlackElo "1439"]

1. d4 Nf6 2. c4 g6 3. Nc3 d5 4. Bg5 Ne4 5. Bf4 Nxc3 6. bxc3 dxc4 7. e4 b5 8. a4 c6 9. Nf3 Bb7 10. Be2 a6 11. O-O Bg7 12.
Rb1 Qc8 13. Qc2 Nd7 14. Qb2 Nb6 15. a5 Na4 16. Qc2 O-O 17. Ne5 f5 18. exf5 Qxf5 19. Qxf5 Rxf5 20. Bg3 Nxc3 21. Rb2 Rd8 22.
Bxc4+ Kf8 23. Be6 Bxe5 24. Bxf5 Bxg3 25. fxg3 gxf5 26. Rxf5+ Ke8 27. Rf4 Nd5 28. Rh4 Nf6 29. Re2 h5 30.
Rf4 Kf7 31. h3 Bc8 32. Rc2 Rd6 33. Rc5 Kg6 34. Re5 e6 35. h4 Ng4 36. Rg5+ Kh6 37. Rf8 Nf6 38. Rxf6+ Kh7 39. Rf7+ Kh8 40.
Rf8+ 1-0